 Dungeon Crawl Stone Soup version 0.20.1-1-g8b1a95d (webtiles) character file.

2863 Peloso the Carver (level 9, -2/68 (69) HPs)
             Began as a Demonspawn Fighter on Oct 17, 2017.
             Was an Initiate of Okawaru.
             Killed by divine providence
             ... invoked by an orc priest
              (10 damage)
             ... on level 8 of the Dungeon.
             The game lasted 00:18:43 (7780 turns).

Peloso the Carver (Demonspawn Fighter)              Turns: 7780, Time: 00:18:43

HP:   -2/68 (69)    AC: 18    Str: 19    XL:     9   Next: 47%
MP:   0/9           EV:  7    Int: 10    God:    Okawaru [......]
Gold: 470           SH: 15    Dex: 13    Spells: 8/8 levels left

rFire    x . .     SeeInvis .   a - +1 long sword
rCold    + . .     Gourm    .   c - +0 shield
rNeg     . . .     Faith    .   h - +0 plate armour
rPois    +         Spirit   +   (no helmet)
rElec    .         Reflect  +   J - +0 cloak (curse)
rCorr    .         Harm     .   s - +0 pair of gloves
MR       .....                  (no boots)
Stlth    ..........             F - +5 amulet of reflection
Regen    0.3/turn               A - +3 ring of evasion
MPRegen  0.3/turn               x - ring of ice

@: drained
A: slimy green scales 3, powered by death 2, magic shield, magic regeneration
a: Renounce Religion


You were on level 8 of the Dungeon.
You worshipped Okawaru.
Okawaru was noncommittal.
You were very hungry.

You visited 2 branches of the dungeon, and saw 9 of its levels.

You collected 470 gold pieces.

Inventory:

Hand Weapons
 a - a +1 long sword (weapon)
 b - a cursed +4 mace
 I - a +3 short sword
Armour
 c - a +0 shield (worn)
 h - a +0 plate armour (worn)
 s - a +0 pair of gloves (worn)
 J - a cursed +0 cloak (worn)
Jewellery
 p - an uncursed amulet of rage
 x - a ring of ice (right hand)
 A - a +3 ring of evasion (left hand)
 D - a +4 amulet of reflection
 F - a +5 amulet of reflection (around neck)
Wands
 o - a wand of flame (32/48)
 E - a wand of flame (18/48)
 H - a wand of random effects (48/48)
Scrolls
 g - 3 scrolls of recharging
 l - 2 scrolls of remove curse
 q - a scroll of blinking
 r - 2 scrolls of enchant weapon
 t - 3 scrolls of teleportation
 v - a scroll of amnesia
 y - 2 scrolls of magic mapping
Potions
 d - a potion of might
 e - 2 potions of heal wounds {unknown}
 j - a potion of ambrosia
 m - a potion of brilliance
 n - a potion of flight
 w - 2 potions of berserk rage
 z - 2 potions of invisibility
 B - 2 potions of curing
 C - 2 potions of haste
 G - 4 potions of lignification {unknown}
Comestibles
 f - 9 bread rations
 i - 3 meat rations
 k - 8 fruits
 u - 2 royal jellies


   Skills:
 + Level 5.7(5.1) Fighting
 + Level 8.2(7.5) Long Blades
 + Level 4.8(4.2) Armour
 + Level 2.5(1.9) Dodging
 + Level 0.2(0.0) Stealth
 + Level 6.5(5.8) Shields
 + Level 0.6(0.0) Evocations


You had 8 spell levels left.
You didn't know any spells.

Dungeon Overview and Level Annotations

Branches:
Dungeon (8/15)             Temple (1/1) D:6
   Lair: D:8-11

Altars:
Ashenzari
Cheibriados
Dithmenos
Elyvilon
Fedhas
Gozag
Hepliaklqana
Kikubaaqudgha
Makhleb
Nemelex Xobeh
Okawaru
Qazlal
Ru
Sif Muna
Trog
Uskayaw
Vehumet
Xom
Yredelemnul
Zin
The Shining One

Shops:
D:5 *

Annotations:
D:6 exclusion: statue


Innate Abilities, Weirdness & Mutations

You are completely covered in slimy green scales. (AC +4, rPois)
You regenerate health from kills.
When hurt, damage is shared between your health and your magic reserves.
You regenerate magic rapidly.


Message History

* * * LOW HITPOINT WARNING * * *
You slash the orc warrior!
The orc warrior is almost dead.
The orc priest hits you from afar with a trident!
* * * LOW HITPOINT WARNING * * *
The orc warrior barely misses you.
You bump into the rock wall.
The orc priest closely misses you.
The orc warrior hits you but does no damage.
You bump into the rock wall.
You feel less invigorated.
You feel less confused.
The orc priest invokes the aid of Beogh against you.
Beogh smites you!
* * * LOW HITPOINT WARNING * * *
An orc comes into view. It is wielding a falchion.
Your plate armour prevents you from hitting the orc warrior.
The orc warrior is almost dead.
You block the orc warrior's attack.
The orc priest mumbles some strange prayers to Beogh against you.
Beogh smites you!
You die...

..#......#.....#
..#.####.#####.# ..#)#
#.# #.# #.#.# #.# #.#
.†..# #.# #.# #.###
#.# #.# ...# #.# #.#
...#####.# #.#####
.........# #..@oo#*
#.############.###oo#
.............#.##*#o#*
############.#..#,,.o#
#.####,,,.#
#.####,,,o#
#.#..#,,,,#
#.#.##,,,,*
#...#*,,,,*


You could see an orc warrior, an orc priest and 4 orcs.

Vanquished Creatures
  A spriggan (D:7)
  The ghost of archego the Poker, an amateur BaWr of Okawaru (D:3)
  Menkaure (D:7)
  Edmund (D:6)
  Duvessa (D:6)
  A black bear (D:8)
  An orc warrior (D:7)
  2 ice beasts
  A necrophage (D:5)
  An ogre (D:8)
  3 centaurs
  2 big kobolds (D:7)
  2 bullfrogs
  A gnoll sergeant (D:7)
  Dowan (D:6)
  A scorpion (D:4)
  3 wights (D:8)
  2 crimson imps
  A bullfrog zombie (D:6)
  A quasit (D:6)
  2 bullfrog skeletons
  4 hounds
  A jelly (D:7)
  2 orc priests (D:7)
  4 orc wizards
  4 worker ants
  7 gnolls
  9 adders
  3 shadow imps
  An ooze (D:3)
  An adder skeleton (D:8)
  6 worms
  2 dart slugs
  4 leopard geckos
  24 orcs
  4 giant cockroaches
  6 hobgoblins
  22 jackals
  16 kobolds
  2 quokkas
  8 bats
  3 frilled lizards
  5 goblins
  2 jackal skeletons
  2 leopard gecko skeletons (D:4)
  10 rats
182 creatures vanquished.

Vanquished Creatures (others)
  A kobold (D:7)
1 creature vanquished.

Grand Total: 183 creatures vanquished

Notes
Turn   | Place    | Note
-------+----------+-------------------------------------------
     0 | D:1      | Peloso the Demonspawn Fighter began the quest for the Orb.
     0 | D:1      | Reached XP level 1. HP: 18/18 MP: 1/1
   427 | D:1      | Gained mutation: You are partially covered in slimy green scales. (AC +2) [demonic ancestry]
   427 | D:1      | Reached XP level 2. HP: 16/24 MP: 2/2
   806 | D:2      | Reached skill level 2 in Long Blades
   893 | D:2      | Gained mutation: You are mostly covered in slimy green scales. (AC +3) [demonic ancestry]
   893 | D:2      | Reached XP level 3. HP: 16/29 MP: 3/3
  1468 | D:1      | Reached XP level 4. HP: 13/36 MP: 4/4
  2095 | D:3      | Reached skill level 3 in Long Blades
  2147 | D:3      | Found a shattered altar of Ashenzari.
  2353 | D:3      | Gained mutation: When hurt, damage is shared between your health and your magic reserves. [demonic ancestry]
  2353 | D:3      | Reached XP level 5. HP: 42/42 MP: 5/5
  2404 | D:3      | Noticed archego's ghost (amateur BaWr)
  2424 | D:3      | Killed archego's ghost
  2507 | D:3      | Gained mutation: You regenerate a little health from kills. [demonic ancestry]
  2507 | D:3      | Reached XP level 6. HP: 47/48 MP: 6/6
  2879 | D:4      | Reached skill level 4 in Long Blades
  3105 | D:4      | Found a sacrificial altar of Ru.
  3628 | D:4      | Reached skill level 1 in Dodging
  3886 | D:5      | Entered Level 5 of the Dungeon
  3903 | D:5      | Found Gozag's Platinum Reserve.
  3908 | D:5      | Found an opulent altar of Gozag.
  3950 | D:5      | Gained mutation: You regenerate health from kills. [demonic ancestry]
  3950 | D:5      | Reached XP level 7. HP: 53/55 MP: 7/7
  4052 | D:5      | Reached skill level 5 in Long Blades
  4698 | D:6      | Noticed Edmund
  4717 | D:6      | Killed Edmund
  4717 | D:6      | Reached skill level 6 in Long Blades
  4739 | D:6      | Gained mutation: You regenerate magic rapidly. [demonic ancestry]
  4739 | D:6      | Reached XP level 8. HP: 50/60 MP: 6/8
  4755 | D:6      | Noticed Duvessa
  4757 | D:6      | Noticed Dowan
  4778 | D:6      | Killed Duvessa
  4808 | D:6      | Killed Dowan
  5040 | D:6      | Found a blossoming altar of Fedhas.
  5070 | D:6      | Found a staircase to the Ecumenical Temple.
  5080 | Temple   | Entered the Ecumenical Temple
  5197 | D:6      | Found a radiant altar of Vehumet.
  5245 | D:6      | Reached skill level 5 in Fighting
  5335 | D:6      | Found a hide-covered altar of Uskayaw.
  5482 | D:6      | Reached skill level 5 in Shields
  5795 | D:7      | Noticed Menkaure
  5806 | D:7      | Killed Menkaure
  5809 | D:7      | Reached skill level 7 in Long Blades
  6232 | D:7      | Found a shadowy altar of Dithmenos.
  6497 | D:7      | Gained mutation: You are completely covered in slimy green scales. (AC +4, rPois) [demonic ancestry]
  6497 | D:7      | Reached XP level 9. HP: 61/67 MP: 5/9
  7069 | D:8      | Found an iron altar of Okawaru.
  7078 | D:8      | Became a worshipper of Warmaster Okawaru
  7100 | D:8      | Found a white marble altar of Elyvilon.
  7262 | D:7      | Reached skill level 8 in Long Blades
  7534 | D:8      | Reached * piety under Okawaru
  7780 | D:8      | Killed from afar by an orc priest

Skill      XL: |  1  2  3  4  5  6  7  8  9 |
---------------+----------------------------+-----
Long Blades    | 2 3 4 6 7 8 |  8.2
Armour         | 3 4 |  4.8
Shields        | 3 4 5 6 |  6.5
Fighting       | 4 5 |  5.7
Dodging        | 1 2 |  2.5
Stealth        | |  0.2
Evocations     | |  0.6

Action                   |  1- 3 |  4- 6 |  7- 9 || total
-------------------------+-------+-------+-------++-------
Melee: Long sword        |   137 |   260 |   566 ||   963
Evoke: Wand              |       |       |     1 ||     1
  Use: Potion            |       |     1 |     2 ||     3
       Scroll            |       |       |    16 ||    16
  Eat: Chunk             |     2 |     8 |    13 ||    23
Armor: Scale mail        |    83 |       |       ||    83
       Chain mail        |    17 |   110 |   108 ||   235
       Plate armour      |       |       |    76 ||    76
Dodge: Dodged            |    45 |    57 |   138 ||   240
Block: Shield            |    86 |   117 |   430 ||   633
       Reflection        |       |     2 |    17 ||    19
       Rpst.: Long sword |    13 |    26 |    40 ||    79
